 Dungeon Crawl Stone Soup version 0.28-a0-620-g539b0f7ac7 (webtiles) character file.

Game seed: 8086989757015612503

970 freelancePsychic the Magician (level 8, -1/59 HPs)
             Began as a Djinni Ice Elementalist on Oct 6, 2021.
             Was an Initiate of Ashenzari.
             Shot with an arrow by a centaur (12 damage)
             ... on level 5 of the Dungeon.
             The game lasted 00:09:29 (6872 turns).

freelancePsychic the Magician (DjIE)                Turns: 6872, Time: 00:09:30

Health: -1/59      AC: 10    Str: 13    XL:     8   Next: 38%
Gold:   106        EV: 12    Int: 19    God:    Ashenzari [......] SH:  5 Dex: 14

rFire   + + .      SeeInvis .   k - +1 dagger (venom)
rCold   x . .      Faith    .   b - +0 buckler
rNeg    . . .      Spirit   .   a - +0 robe
rPois   ∞          Reflect  .   h - +0 helmet
rElec   .          Harm     .   (no cloak)
rCorr   .          Rampage  .   (no gloves)
Will    .....                   (boots unavailable)
Stlth   ++........              (no amulet)
HPRegen 0.19/turn               e - +6 ring of strength
MPRegen 0.00/turn               (no ring)

@: ice-armoured, freezing walls, flying, very slightly contaminated
A: sickness immunity, fire resistance 2, cold vulnerability 1, float, innate
caster, hp casting, extra vitality 1
a: Renounce Religion


You were on level 5 of the Dungeon.
You worshipped Ashenzari.
Ashenzari was noncommittal.
You visited 2 branches of the dungeon, and saw 6 of its levels.

You collected 106 gold pieces.

Inventory:

Hand Weapons
 k - a +1 dagger of venom (weapon)
Armour
 a - a +0 robe (worn)
 b - a +0 buckler (worn)
 h - a +0 helmet (worn)
Jewellery
 e - a +6 ring of strength (left hand)
Scrolls
 g - a scroll of summoning
 i - a scroll of brand weapon
 j - a scroll of teleportation {@r4}
 m - a scroll of enchant armour
Potions
 c - 2 potions of curing {@q1}
 d - a potion of brilliance
 f - a potion of degeneration


   Skills:
 + Level 5.1 Fighting
 + Level 2.2 Dodging
 - Level 1.5 Stealth
 - Level 4.0 Shields
 + Level 5.7 Spellcasting


You had 2 spell levels left.
You knew the following spells:

 Your Spells              Type           Power      Damage    Failure   Level
a - Scorch                Fire           54%        2d8       1%          2
b - Frozen Ramparts       Ice            54%        1d7       3%          3
c - Ozocubu's Armour      Ice            27%        N/A       3%          3
d - Hailstorm             Conj/Ice       27%        3d7       11%         4
e - Sting                 Tmut/Pois      100%       1d8       1%          1
f - Freeze                Ice            100%       1d11      1%          1
g - Passwall              Tmut/Erth      22%        N/A       1%          2
Your spell library was empty.

Dungeon Overview and Level Annotations

Branches:
Dungeon (5/15)             Temple (1/1) D:4

Altars:
Ashenzari
Cheibriados
Dithmenos
Fedhas
Gozag
Kikubaaqudgha
Makhleb
Nemelex Xobeh
Okawaru
Sif Muna
Trog
Uskayaw
Wu Jian
Xom
Zin
The Shining One

Shops:
D:1 !   D:4 =

Annotations:
D:5 1 runed translucent door


Innate Abilities, Weirdness & Mutations

You are immune to sickness and miasma.
You are immune to poison.
Your flesh is very heat resistant. (rF++)
You are vulnerable to cold. (rC-)
You float through the air rather than walking.
You learn spells naturally, not from books.
Your magical power is your life essence.
You have superior vitality. (+4 HP)


Message History

The frozen ramparts melt away as you move.
An orc comes into view. It is wielding a +0 hand axe.
A centaur comes into view.
The centaur wields a +0 shortbow.
The centaur shoots an arrow.
The arrow hits you.
The orc shouts!
Casting: Scorch (safe; 1% risk of failure)
Confirm with . or Enter, or press ? or * to list all spells.
A film of ice covers your body!
You hear the slow hiss of an avalanche of sand nearby.
You block the orc's attack.
Casting: Ozocubu's Armour (dangerous; 3% risk of failure)
Confirm with . or Enter, or press ? or * to list all spells.
Casting: Frozen Ramparts (dangerous; 3% risk of failure)
Press: ? - help, Dir - look around, f - activate The walls around you are covered in ice.
The wall freezes the orc.
The orc barely misses you.
Casting: Frozen Ramparts (dangerous; 3% risk of failure)
Confirm with . or Enter, or press ? or * to list all spells.
Casting: Hailstorm (dangerous; 11% risk of failure)
Press: ? - help, Dir - look around, f - activate A cannonade of hail descends around you!
The hail pelts the orc!
You kill the orc!
The hail pelts the centaur!
The centaur is heavily wounded.
* * * LOW HITPOINT WARNING * * *
The wall freezes the orc.
The orc barely misses you.
Casting: Hailstorm (dangerous; 11% risk of failure)
Confirm with . or Enter, or press ? or * to list all spells.
Casting: Hailstorm (dangerous; 11% risk of failure)
Press: ? - help, Dir - look around, f - activate You miscast Hailstorm.
You are very lightly contaminated with residual magic.
Nothing appears to happen.
* * * LOW HITPOINT WARNING * * *
The wall freezes the orc!
You kill the orc!
The centaur shoots an arrow.
The arrow hits you!
You die...

......# ..# ....... ...##
#....... .... #....... ..
# #... #..... .#####.##
..##.. #.).# .#.#....
......###)c.# ..##...
........@...# ####......
........###)####....##.#.
........##........#..#.#.
.........†).......#.#....
........##...............
........#.....<........##
...##..###........##.#...
... #.. #.........###...
.. #.. ...##..........#.


You could see a centaur.

Vanquished Creatures
  Pikel (D:4)
  A wyvern (D:5)
  A centaur (D:5)
  4 lemures (D:4)
  A scorpion (D:5)
  A jelly (D:5)
  An orc wizard (D:4)
  A scorpion zombie (D:3)
  3 gnolls (D:2)
  3 adders
  3 adder zombies (D:2)
  3 worms
  A dart slug (D:3)
  12 orcs
  9 ball pythons
  A bat zombie (D:2)
  10 endoplasms
  A giant cockroach (D:2)
  3 goblins
  4 hobgoblins
  11 jackals
  2 quokkas
  A ball python skeleton (D:2)
  A ball python zombie (D:2)
  4 bats
  3 frilled lizards
  4 kobolds
  A quokka zombie (D:2)
  5 rats
96 creatures vanquished.

Vanquished Creatures (others)
  A withered plant (D:2)
1 creature vanquished.

Grand Total: 97 creatures vanquished

Notes
Turn   | Place    | Note
-------+----------+-------------------------------------------
     0 | D:1      | freelancePsychic the Djinni Ice Elementalist began the
                  | quest for the Orb.
     0 | D:1      | Reached XP level 1. HP: 15/15 MP: 0/0
   302 | D:1      | Reached XP level 2. HP: 8/22 MP: 0/0
   548 | D:1      | Found Hianwon's Distillery.
   688 | D:1      | Reached skill level 1 in Fighting
   883 | D:1      | Found a faded altar of an unknown god.
  1000 | D:1      | Reached XP level 3. HP: 19/27 MP: 0/0
  1000 | D:1      | Learned a level 1 spell: Sting
  2599 | D:2      | Reached XP level 4. HP: 20/32 MP: 0/0
  4501 | D:3      | Reached XP level 5. HP: 31/38 MP: 0/0
  4501 | D:3      | Learned a level 2 spell: Scorch
  5685 | D:4      | Found Boed's Jewellery Emporium.
  5686 | D:4      | Noticed a lemure
  5699 | D:4      | Killed a lemure
  5795 | D:4      | Noticed a lemure
  5798 | D:4      | Noticed a lemure
  5799 | D:4      | Noticed a lemure
  5813 | D:4      | Killed a lemure
  5814 | D:4      | Killed a lemure
  6048 | D:4      | Found a staircase to the Ecumenical Temple.
  6056 | Temple   | Entered the Ecumenical Temple
  6121 | Temple   | Became a worshipper of Ashenzari the Shackled
  6286 | D:4      | Reached XP level 6. HP: 38/45 MP: 0/0
  6464 | D:4      | Noticed Pikel
  6472 | D:4      | Killed Pikel
  6473 | D:4      | Reached skill level 5 in Spellcasting
  6473 | D:4      | Reached XP level 7. HP: 30/52 MP: 0/0
  6473 | D:4      | Learned a level 2 spell: Passwall
  6819 | D:5      | Entered Level 5 of the Dungeon
  6825 | D:5      | Reached XP level 8. HP: 46/58 MP: 0/0
  6844 | D:5      | Noticed a wyvern
  6853 | D:5      | Found a large runed translucent door.
  6865 | D:5      | Killed a wyvern
  6866 | D:5      | Reached skill level 5 in Fighting
  6872 | D:5      | Shot with an arrow by a centaur

Illustrated notes

Levels and vault maps discovered:
D:1:      minmay_arrival_five_plusses, layout_basic,
          shapermc_ecumenical_altar_notcrosses, serial_shops,
          nicolae_diamond_shop, corexii_item_surrounded_by_moat,
          minmay_misc_feat_enclosed
D:2:      layout_loops_ring, serial_undead, serial_undead_e, serial_undead_a,
          serial_undead_c, serial_undead_b
D:3:      layout_rooms
D:4:      layout_loops_ring, temple_doors_e, serial_shops, shop,
          chequers_serial_rivers_micro_d, uniq_pikel
D:5:      layout_cave_pools, advil_vaults_ghost_lines,
          nicolae_ossuary_entry_false_entrances
Temple:   nicolae_temple_x_marks_the_god

Skill      XL: |  1  2  3  4  5  6  7  8 |
---------------+-------------------------+-----
Fighting       | 1 2 4 5 |  5.1
Spellcasting   | 4 5 |  5.7
Shields        | 3 4 |  4.0
Dodging        | |  2.2
Stealth        | |  1.5

Action                   |  1- 3 |  4- 6 |  7- 9 || total
-------------------------+-------+-------+-------++-------
Melee: Unarmed           |       |     3 |       ||     3
       Dagger            |       |    10 |       ||    10
 Cast: Freeze            |    46 |    24 |       ||    70
       Sting             |    37 |    35 |       ||    72
       Frozen Ramparts   |     1 |    16 |     2 ||    19
       Ozocubu's Armour  |     1 |     7 |     2 ||    10
       Scorch            |       |    37 |    12 ||    49
       Hailstorm         |       |       |     2 ||     2
  Use: Scroll            |     1 |     1 |       ||     2
       Potion            |       |       |     1 ||     1
Armor: Robe              |    27 |    21 |     2 ||    50
Dodge: Dodged            |    70 |    47 |     5 ||   122
Block: Buckler           |       |     2 |     4 ||     6

Table legend: (Time is in decaauts)
 A = Elapsed time spent in this place.
 B = Non-inter-level travel time spent in this place.
 C = Inter-level travel time spent in this place.
 D = Time resting spent in this place.
 E = Time spent auto-exploring this place.
 F = Levels seen in this place.
 G = Mean time per level.
                   A        B        C        D        E       F      G
               +--------+--------+--------+--------+--------+-----+--------+
         Total |   6878 |   6773 |    105 |   1108 |   4885 |   6 | 1146.3 |
       Dungeon |   6806 |   6711 |     95 |   1108 |   4839 |   5 | 1361.2 |
        Temple |     71 |     61 |     10 |      0 |     46 |   1 |   71.0 |
               +--------+--------+--------+--------+--------+-----+--------+

Top non-repeatable levels by time:
     D:1: 2418 daAuts
     D:2: 1730 daAuts
     D:3: 1389 daAuts
     D:4: 1216 daAuts
  Temple: 71 daAuts
     D:5: 52 daAuts
